 Dungeon Crawl Stone Soup version 0.30.1-4-g462c640d31 (webtiles) character file.

Game seed: 11415221043250202408

2093 Sanktem7 the Cleaver (level 9, -2/78 HPs)
             Began as a Minotaur Fighter on Aug 22, 2023.
             Slain by a two-headed ogre
             ... wielding a +0 giant club
              (7 damage)
             ... on level 8 of the Dungeon.
             The game lasted 00:11:42 (4666 turns).

Sanktem7 the Cleaver (Minotaur Fighter)             Turns: 4666, Time: 00:11:43

Health: -2/78      AC: 13    Str: 24    XL:     9   Next: 7%
Magic:  8/8        EV:  8    Int:  5    God:
Gold:   194        SH:  5    Dex: 11    Spells: 8/8 levels left

rFire   . . .        a - +0 war axe {axe}
rCold   . . .        c - +0 buckler
rNeg    . . .        r - +0 chain mail
rPois   .            (helmet restricted)
rElec   .            (no cloak)
rCorr   .            s - +2 pair of gloves
SInv    +            (no boots)
Will    .....        (no amulet) Stlth
                     l - ring of see invisible
HPRegen 0.33/turn    (no ring)
MPRegen 0.11/turn

%: no passive effects
@: weakened
A: horns 2, retaliatory headbutt
a: no special abilities


You were on level 8 of the Dungeon.
You visited 1 branch of the dungeon, and saw 6 of its levels.

You collected 194 gold pieces.


Innate Abilities, Weirdness & Mutations

You have a pair of horns on your head.
You reflexively headbutt those who attack you in melee.


   Skills:
 + Level 6.9 Fighting
 * Level 8.9 Axes
 + Level 3.9 Throwing
 + Level 6.9 Armour
 + Level 7.0 Shields


You had 8 spell levels left.
You didn't know any spells.
Your spell library contained the following spells:

 Spells                   Type           Power      Damage    Failure   Level
 Slow                     Hex            0%         N/A       97%         1
 Confusing Touch          Hex            0%         N/A       100%        3
 Vampiric Draining        Necr           0%         2d6       100%        3

Inventory:

Hand Weapons
 a - a +0 war axe (weapon) {axe}
 f - a +0 sling of draining
   (You found it on level 1 of the Dungeon)
 v - a +2 halberd of freezing {polearm}
   (You took it off a gnoll on level 3 of the Dungeon)
 x - a +2 falchion of holy wrath {long}
   (You found it on level 4 of the Dungeon)
 B - a +2 mace of protection {mace}
   (You took it off an orc on level 7 of the Dungeon)
 F - a +1 spear of venom {polearm}
   (You took it off a gnoll on level 7 of the Dungeon)
 H - a +3 dagger {short}
   (You took it off an orc wizard on level 8 of the Dungeon)
Missiles
 g - 33 stones (quivered) {throwing}
 w - a throwing net {=f!fthrowing}
Armour
 c - a +0 buckler (worn)
 r - a +0 chain mail (worn)
   (You found it on level 7 of the Dungeon)
 s - a +2 pair of gloves (worn)
   (You found it on level 3 of the Dungeon)
Jewellery
 l - a ring of see invisible (left hand)
   (You found it on level 2 of the Dungeon)
 y - an amulet of faith {!P}
   (You found it on level 7 of the Dungeon)
Scrolls
 b - a scroll of brand weapon {unknown}
 e - 2 scrolls of teleportation {unknown}
 h - 4 scrolls of identify {unknown}
 k - a scroll of noise {unknown}
 m - 2 scrolls of torment {unknown}
 n - a scroll of immolation {unknown}
 q - 2 scrolls of magic mapping {unknown}
 u - 2 scrolls of amnesia {unknown}
 D - a scroll of enchant armour {unknown}
 E - a scroll of enchant weapon {unknown}
 G - a scroll of acquirement {unknown}
Potions
 d - a potion of might
 i - 3 potions of curing {unknown}
 j - 2 potions of magic {unknown}
 o - a potion of brilliance {unknown}
 p - a potion of lignification {unknown}
 t - a potion of degeneration {unknown}
 z - a potion of flight {unknown}
 A - 2 potions of heal wounds {unknown}
 C - a potion of mutation {unknown}

Dungeon Overview and Level Annotations

Branches:
Dungeon (8/15) Zot: 26570
 Temple: D:4-7         Lair: D:8-11

Altars:

.....'..#.....# .....
.....#..#.....# .....
#######'#)....####.....
##......))))...........
.#.....)).)...........
.#................#
.#................# #
.#................###$.##
..(.............@.......#
###...#+##....###O###...#
..##.. #...##..#.g## .#
..## ....##..#.#o.## .
#.####..#..Y#..# ..
#..#..#.)#).# #.#..#.#y
#.# ..#..#.(.# #..
.#.#..#.# #..


You could see a two-headed ogre, a gnoll bouda and an orc.


Message History

The orc priest moves out of view.
A bullfrog comes into view.
The bullfrog gives a loud, deep croak!
The orc priest casts a cantrip, but nothing happens.
The gnoll bouda gazes fiercely through you!
You feel your attacks grow feeble. 😕 HP[+1]
You closely miss the bullfrog. The bullfrog barely misses you.
You furiously retaliate!
You headbutt the bullfrog. The bullfrog completely misses you.
You barely miss the bullfrog. Your headbutt misses the bullfrog.
You block the bullfrog's attack.
The bullfrog hits you but does no damage.
You slash the bullfrog! The bullfrog hits you. The centaur barely misses you.
You furiously retaliate!
You headbutt the centaur, but do no damage.
You block the centaur's attack. 😕 HP[-5]
You take 5 damage, and now have 63/71 hp.
You barely miss the bullfrog. You barely miss the centaur.
The bullfrog hits you but does no damage.
The centaur hits you but does no damage.
You block the centaur's attack. You block the bullfrog's attack.
The centaur completely misses you. You furiously retaliate!
You headbutt the centaur. The centaur barely misses you.
You closely miss the bullfrog. You closely miss the centaur.
Your attacks no longer feel as feeble.
The bullfrog hits you but does no damage.
The centaur closely misses you.
The centaur kicks you but does no damage.
You slash the bullfrog! You headbutt the bullfrog. You barely miss the centaur.
The bullfrog hits you but does no damage.
The centaur hits you but does no damage.
The centaur kicks you but does no damage.
The bullfrog hits you but does no damage.
A two-headed ogre comes into view. It is wielding two +0 giant clubs.
The centaur hits you but does no damage.
The centaur misses you. 😕 HP[+1]
The two-headed ogre shouts in stereo!
You slash the bullfrog!
You kill the bullfrog!
You completely miss the centaur. The centaur barely misses you.
The centaur closely misses you.
You have reached level 9!
Your experience leads to an increase in your attributes!
Increase (S)trength, (I)ntelligence, or (D)exterity?
You feel stronger. x2 😕 HP[+6] MP[+1]
You now have 78 max hp (+7).
You regained 6 hp, and now have 70/78 hp.
Your mp is fully restored (8).
You closely miss the orc priest. You slash the centaur!
The centaur hits you but does no damage.
You block the centaur's attack. You block the orc priest's attack.
The centaur barely misses you. You furiously retaliate!
You headbutt the centaur.
You kill the centaur! 😕 HP[+1]
You slash the orc priest! The orc priest completely misses you.
You furiously retaliate!
You headbutt the orc priest!
You kill the orc priest!
An orc comes into view. It is wielding a +0 club.
Your Shields skill increases to level 7!
The hornet buzzes angrily.
You slash the yak! You headbutt the yak. The yak gores you! 😕 HP[-11]
You take 11 damage, and now have 60/78 hp.
You closely miss the yak.
The yak gores you but does no damage. 😕 HP[+1]
You slash the yak! Your headbutt misses the yak.
The yak gores you but does no damage.
You completely miss the yak. You headbutt the yak, but do no damage.
You barely miss the two-headed ogre. The yak gores you but does no damage.
The two-headed ogre hits you with a +0 giant club.
The two-headed ogre hits you with a +0 giant club!
The gnoll bouda gazes fiercely through you!
You feel your attacks grow feeble.
The gnoll bouda hits you but does no damage.
The yak gores you. 😮 HP[-18]
You take 18 damage, and now have 43/78 hp.
MASSIVE DAMAGE!! (PAUSE)
The gnoll bouda hits you with a +0 whip.
* * * LOW HITPOINT WARNING * * *
The yak snorts and paws the ground. 😨 HP[-5]
You take 5 damage, and now have 38/78 hp. 😨 HP[+1]
The two-headed ogre attacks as you move away!
The two-headed ogre hits you with a +0 giant club!!
* * * LOW HITPOINT WARNING * * *
The two-headed ogre hits you with a +0 giant club!
* * * LOW HITPOINT WARNING * * *
😱 HP[-34]
You take 34 damage, and now have 5/78 hp.
MASSIVE DAMAGE!! (PAUSE)
The two-headed ogre attacks as you move away!
The two-headed ogre hits you with a +0 giant club!
You die...

Skill      XL: |  1  2  3  4  5  6  7  8  9 |
---------------+----------------------------+-----
Axes           | 3 5 6 7 8 |  8.9
Fighting       | 4 5 6 |  6.9
Armour         | 4 5 6 |  6.9
Shields        | 4 5 6 7 |  7.0
Throwing       | 1 2 3 |  3.9

Action                     |  1- 3 |  4- 6 |  7- 9 || total
---------------------------+-------+-------+-------++-------
  Melee: War axe           |    93 |    95 |   113 ||   301
         Headbutt          |    12 |     8 |    19 ||    39
 Armour: Scale mail        |    57 |    55 |    15 ||   127
         Chain mail        |       |       |    95 ||    95
  Dodge: Dodged            |    50 |    52 |    78 ||   180
  Block: Buckler           |    29 |    18 |    46 ||    93

Levels and vault maps discovered:
D:1:      dpeg_arrival_simpleton_b, layout_basic
D:2:      layout_rooms, shapermc_ecumenical_altar_totnotflames,
          kennysheep_donut, corner_web_ring
D:3:      layout_basic, serial_rivers, chequers_serial_rivers_micro_b,
          chequers_serial_rivers_micro_c, chequers_serial_rivers_micro_a,
          chequers_serial_rivers_room_b, cheibrodos_sewer_entry_bend,
          uniq_robin, uniq_grinder, uniq_terence
D:4:      layout_layer_cave
D:7:      layout_basic
D:8:      minmay_the_grid_octo_tiled_octocenter [minmay_the_grid_octo_horde,
          minmay_the_grid_octo_thin_diamonds, minmay_the_grid_octo_empty,
          minmay_the_grid_octo_clover,
          minmay_the_grid_octo_prize_square_snowflake,
          minmay_the_grid_square_5x5_minivault,
          minmay_the_grid_square_5x5_inset, minmay_the_grid_square_5x5_empty,
          minmay_the_grid_square_5x5_beaten_path], layout_gridville,
          mainiacjoe_overflow_cross_hatched,
          ploomutoo_gammafunk_ghost_potion_laboratory,
          lightli_ossuary_entry_decrepit_ruins, nicolae_ea-nasir_strikes_again,
          uniq_pikel

Notes
Turn   | Place    | Note
-------+----------+-------------------------------------------
     0 | D:1      | Sanktem7 the Minotaur Fighter began the quest for the Orb.
     0 | D:1      | Reached XP level 1. HP: 19/19 MP: 0/0
     0 | D:1      | magus.rc [v1.9.6]
   133 | D:1      | You pick up a book of Debilitation and begin reading...
   133 | D:1      | You add the spells Slow, Vampiric Draining and Confusing
                  | Touch to your library.
   164 | D:1      | Reached XP level 2. HP: 27/27 MP: 1/1
   337 | D:1      | Reached skill level 3 in Axes
   843 | D:2      | Reached XP level 3. HP: 33/33 MP: 2/2
   905 | D:2      | Reached skill level 4 in Fighting
   916 | D:2      | Reached skill level 4 in Armour
   916 | D:2      | Reached skill level 4 in Shields
  1297 | D:2      | Found a faded altar of an unknown god.
  1609 | D:3      | Reached XP level 4. HP: 40/40 MP: 3/3
  1781 | D:3      | Reached skill level 4 in Axes
  1940 | D:3      | Noticed Terence
  1947 | D:3      | Killed Terence
  1961 | D:3      | Noticed Grinder
  1966 | D:3      | Paralysed by Grinder for 4 turns
  1972 | D:3      | Paralysed by Grinder for 5 turns
  1979 | D:3      | HP: 10/41 [Grinder (2)]
  1980 | D:3      | Killed Grinder
  1981 | D:3      | Reached skill level 5 in Axes
  1981 | D:3      | Reached XP level 5. HP: 12/47 MP: 4/4
  1981 | D:3      | Reached XP level 6. HP: 14/55 MP: 5/5
  2134 | D:3      | Noticed Robin
  2144 | D:3      | Killed Robin
  2150 | D:3      | Reached skill level 5 in Armour
  2313 | D:3      | Reached skill level 5 in Shields
  2315 | D:3      | Reached skill level 5 in Fighting
  2801 | D:4      | You fall into a shaft and drop 3 floors!
  2802 | D:7      | Noticed a sky beast
  2814 | D:7      | Killed a sky beast
  2815 | D:7      | Reached skill level 6 in Axes
  2815 | D:7      | Reached skill level 1 in Throwing
  2815 | D:7      | Reached XP level 7. HP: 54/61 MP: 6/6
  3167 | D:7      | HP: 14/61 [orc/+2 mace of protection (5)]
  3176 | D:7      | HP: 11/61 [centaur (1)]
  3180 | D:7      | Reached skill level 2 in Throwing
  3536 | D:7      | Reached skill level 7 in Axes
  4279 | D:8      | Reached XP level 8. HP: 45/70 MP: 7/7
  4282 | D:8      | Reached skill level 6 in Armour
  4294 | D:8      | Reached skill level 6 in Fighting
  4294 | D:8      | Reached skill level 6 in Shields
  4312 | D:8      | Noticed a hornet
  4333 | D:8      | Reached skill level 8 in Axes
  4333 | D:8      | Reached skill level 3 in Throwing
  4350 | D:8      | Noticed an unseen horror
  4372 | D:8      | Killed an unseen horror
  4435 | D:8      | HP: 17/71 [poisoned by a kobold brigand (curare-tipped
                  | dart)]
  4438 | D:8      | HP: 8/71 [poisoned by a kobold brigand (curare-tipped
                  | dart)]
  4440 | D:8      | HP: 3/71 [kobold brigand/+0 whip (6)]
  4653 | D:8      | Noticed a two-headed ogre
  4655 | D:8      | Reached XP level 9. HP: 70/78 MP: 8/8
  4657 | D:8      | Reached skill level 7 in Shields
  4664 | D:8      | HP: 17/78 [two-headed ogre/+0 giant club (22)]
  4664 | D:8      | HP: 5/78 [two-headed ogre/+0 giant club (12)]
  4666 | D:8      | Slain by a two-headed ogre

Vanquished Creatures
  An unseen horror (D:8)
  Grinder (D:3)
  A yak (D:8)
  2 sky beasts (D:7)
  2 ice beasts
  4 centaurs
  A kobold brigand (D:8)
  3 bullfrogs
  A scorpion (D:4)
  2 orc priests (D:8)
  A gnoll bouda (D:7)
  A sleepcap (D:7)
  Terence (D:3)
  3 orc wizards (D:8)
  Robin (D:3)
  3 adders
  8 gnolls
  2 shadow imps
  4 worms
  11 orcs
  7 endoplasms
  2 giant cockroaches
  15 goblins
  11 hobgoblins
  8 kobolds
  2 quokkas
  8 ball pythons
  5 bats
  A frilled lizard (D:3)
  4 rats
116 creatures vanquished.

Vanquished Creatures (others)
  An orc wizard (D:7)
1 creature vanquished.

Grand Total: 117 creatures vanquished

Table legend:
 A = Non-vault XP
 B = Vault XP
 C = Vault XP percentage of total XP
 D = Non-vault monster count
 E = Vault monster count
 F = Vault count percentage of total count
                 A         B        C        D         E       F
            +---------+---------+-------+---------+---------+-------
      Total |    1488 |    1502 |  50.2 |      96 |      21 |  17.9
            +---------+---------+-------+---------+---------+-------
        D:1 |      38 |       0 |   0.0 |      23 |       0 |   0.0
        D:2 |      57 |       0 |   0.0 |      17 |       0 |   0.0
        D:3 |     117 |     335 |  74.1 |      22 |      14 |  38.9
        D:4 |      83 |       0 |   0.0 |       1 |       0 |   0.0
        D:7 |     781 |       0 |   0.0 |      17 |       0 |   0.0
        D:8 |     412 |    1167 |  73.9 |      16 |       7 |  30.4
            +---------+---------+-------+---------+---------+-------

Skill      XL: |  1  2  3  4  5  6  7  8  9 |
---------------+----------------------------+-----
Axes           | 3 5 6 7 8 |  8.9
Fighting       | 4 5 6 |  6.9
Armour         | 4 5 6 |  6.9
Shields        | 4 5 6 7 |  7.0
Throwing       | 1 2 3 |  3.9

Action                     |  1- 3 |  4- 6 |  7- 9 || total
---------------------------+-------+-------+-------++-------
  Melee: War axe           |    93 |    95 |   113 ||   301
         Headbutt          |    12 |     8 |    19 ||    39
 Armour: Scale mail        |    57 |    55 |    15 ||   127
         Chain mail        |       |       |    95 ||    95
  Dodge: Dodged            |    50 |    52 |    78 ||   180
  Block: Buckler           |    29 |    18 |    46 ||    93

Illustrated notes

Table legend:
 A = Kills in this place as a percentage of kills in the entire game.
 B = Kills by you in this place as a percentage of kills by you in the entire game.
 C = Kills by friends in this place as a percentage of kills by friends in the entire game.
 D = Other kills in this place as a percentage of other kills in the entire game.
 E = Experience gained in this place as a percentage of experience gained in the entire game.
 F = Experience gained in this place divided by the number of levels of this place that you have seen.
                   A       B       C       D       E      F
               +-------+-------+-------+-------+-------+----------------------
         Total | 100.0 | 100.0 |   N/A | 100.0 | 100.0 | 498.3
       Dungeon | 100.0 | 100.0 |   N/A | 100.0 | 100.0 | 498.3
               +-------+-------+-------+-------+-------+----------------------

Table legend: (Time is in decaauts)
 A = Elapsed time spent in this place.
 B = Non-inter-level travel time spent in this place.
 C = Inter-level travel time spent in this place.
 D = Time resting spent in this place.
 E = Time spent auto-exploring this place.
 F = Levels seen in this place.
 G = Mean time per level.
                   A        B        C        D        E       F      G
               +--------+--------+--------+--------+--------+-----+--------+
         Total |   4762 |   4653 |    109 |    324 |   3018 |   6 |  793.7 |
       Dungeon |   4762 |   4653 |    109 |    324 |   3018 |   6 |  793.7 |
               +--------+--------+--------+--------+--------+-----+--------+

Top non-repeatable levels by time:
     D:7: 1459 daAuts
     D:3: 1169 daAuts
     D:1: 840 daAuts
     D:2: 785 daAuts
     D:8: 429 daAuts
     D:4: 79 daAuts
